 Dungeon Crawl Stone Soup version 0.23.1 (webtiles) character file.

Game seed: 1896194647274368137

15072 Irenicus the Geomancer (level 11, -2/72 HPs)
             Began as a Deep Dwarf Earth Elementalist on Mar 5, 2019.
             Was an Elder of Makhleb.
             Slain by a polar bear (10 damage)
             ... in an ice cave.
             The game lasted 00:56:26 (6206 turns).

Irenicus the Geomancer (DDEE)                       Turns: 6206, Time: 00:56:27

Health: -2/72      AC:  9    Str: 13    XL:     11   Next: 97%
Magic:  0/17       EV: 12    Int: 23    God:    Makhleb [****..]
Gold:   595        SH:  0    Dex: 13    Spells: 2/22 levels left

rFire    . . .     SeeInvis .   i - +3 dagger (venom)
rCold    . . .     Gourm    .   (no shield)
rNeg     + . .     Faith    .   u - +0 leather armour
rPois    .         Spirit   .   p - +1 helmet "Keugg" {Slay+3}
rElec    .         Reflect  .   k - +2 cloak
rCorr    .         Harm     .   (no gloves)
MR       +....     Clarity  +   C - +0 pair of boots
Stlth    ++++......             (no amulet)
HPRegen  0.00/turn              y - +5 ring of intelligence
MPRegen  0.15/turn              x - ring of positive energy {rN+}

@: non-regenerating
A: damage resistance, heal wounds, blurry vision 1, clarity, frail 1, sense
surroundings 2, no regeneration
a: Heal Wounds, Minor Destruction, Lesser Servant of Makhleb, Major Destruction,
Renounce Religion


You were in an ice cave.
You worshipped Makhleb.
Makhleb was greatly pleased with you.
You were not hungry.

You visited 2 branches of the dungeon, and saw 12 of its levels.
You also visited: Sewer and Ice Cave.

You collected 595 gold pieces.

Inventory:

Hand Weapons
 a - a +0 dagger of freezing
   (You took it off a kobold on level 2 of the Dungeon)
 i - a +3 dagger of venom (weapon)
   (You took it off a goblin on level 1 of the Dungeon)
Missiles
 b - 126 stones (quivered)
Armour
 k - a +2 cloak (worn)
   (You found it on level 1 of the Dungeon)
 p - the +1 helmet "Keugg" (worn) {Slay+3}
   (You found it on level 5 of the Dungeon)

   It affects your accuracy and damage with ranged weapons and melee attacks
   (+3).
 u - a +0 leather armour (worn)
   (You took it off an orc on level 5 of the Dungeon)
 C - a +0 pair of boots (worn)
   (You found it on level 9 of the Dungeon)
 F - the cursed +0 ring mail of Negation {+Fly Regen+ rCorr Stlth-}
   (You found it on level 8 of the Dungeon)

   It lets you fly.
   It increases your rate of regeneration.
   It provides partial protection from all sources of acid and corrosion.
   It makes you less stealthy.
   It has a curse placed upon it.
Jewellery
 x - a ring of positive energy (right hand) {rN+}
   (You found it on level 9 of the Dungeon)
 y - a +5 ring of intelligence (left hand)
   (You found it on level 6 of the Dungeon)
 E - an uncursed ring of wizardry {Wiz+, !d}
   (You found it on level 7 of the Dungeon)
Wands
 e - a wand of acid (12)
   (You found it in an ice cave)
 t - a wand of digging (14)
   (You found it on level 6 of the Dungeon)
 B - a wand of iceblast (27)
   (You found it on level 7 of the Dungeon)
Scrolls
 c - 3 scrolls of enchant armour
 j - 7 scrolls of teleportation
 m - 3 scrolls of fear
 n - 2 scrolls of amnesia
 q - 4 scrolls of remove curse
 s - 3 scrolls of magic mapping {!r}
Potions
 h - 6 potions of brilliance
 r - 5 potions of curing
 w - a potion of might
 z - 2 potions of haste
 A - a potion of agility
Miscellaneous
 v - a phantom mirror
Comestibles
 d - 16 rations
 f - a chunk of flesh {@w0}


   Skills:
 + Level 2.9 Short Blades
 - Level 2.2 Dodging
 - Level 8.2 Stealth
 - Level 6.0 Spellcasting
 - Level 6.3 Necromancy
 - Level 3.0 Translocations
 + Level 8.1 Transmutations
 - Level 14.4 Earth Magic
 - Level 7.2 Invocations
 - Level 4.0 Evocations


You had 2 spell levels left.
You knew the following spells:

 Your Spells              Type           Power        Failure   Level  Hunger
a - Sandblast             Erth           ######       1%          1    None
b - Pain                  Necr           ####         1%          1    None
c - Petrify               Tmut/Erth      ######..     1%          4    ###....
r - Apportation           Tloc           ###...       3%          1    None
t - Blink                 Tloc           N/A          4%          2    None
w - Passwall              Tmut/Erth      ######..     1%          2    None
x - Vampiric Draining     Necr           #####.....   2%          3    #......
z - Lee's Rapid Deconstr  Erth           ######....   1%          5    #####..
A - Animate Skeleton      Necr           N/A          1%          1    None

Your spell library contained the following spells:

 Spells                   Type           Power        Failure   Level  Hunger
 Confusing Touch          Hex            #.....       11%         1    None
 Magic Dart               Conj           #...         11%         1    None
 Summon Small Mammal      Summ           #...         11%         1    None
 Call Imp                 Summ           #.......     16%         2    None
 Slow                     Hex            #.......     16%         2    None
 Stone Arrow              Conj/Erth      #####.       1%          3    #......
 Animate Dead             Necr           N/A          8%          4    ###....
 Gell's Gravitas          Tloc           ###.......   10%         3    #......
 Confuse                  Hex            #.......     32%         3    #......
 Conjure Flame            Conj/Fire      #.......     32%         3    #......
 Mephitic Cloud           Conj/Pois/Air  #.......     32%         3    #......
 Yara's Violent Unravell  Hex/Tmut       ####......   50%         5    #####..
 Metabolic Englaciation   Hex/Ice        #.........   96%         5    #####..
 Regeneration             Chrm/Necr      Unusable     N/A         3    N/A

Dungeon Overview and Level Annotations

Branches:
Dungeon (11/15)            Temple (1/1) D:4            Lair (0/6) D:10
    Orc: D:9-12

Altars:
Ashenzari
Cheibriados
Dithmenos
Elyvilon
Fedhas
Gozag
Hepliaklqana
Kikubaaqudgha
Makhleb
Nemelex Xobeh
Okawaru
Qazlal
Ru
Sif Muna
Trog
Uskayaw
Wu Jian
Xom
The Shining One

Shops:
D:7 (

Portals:
Trove: D:10 (give 6 potions of haste)

Annotations:
D:6 3 runed translucent doors, Terandir's ghost, novice CeHu


Innate Abilities, Weirdness & Mutations

You are resistant to damage.
You can heal yourself by infusing magical energy.
You passively map the area around you.
You do not regenerate.
Scrolls take you a little longer to read.
You possess an exceptional clarity of mind.
You are frail. (-10% HP)


Message History

The polar bear growls angrily. x2; The yak bellows! x2
The polar bear growls angrily.
You hear a howl!
You hear an angry growl.
A polar bear comes into view.
An ice covered rock wall.
The wall shatters!
The blast of rock fragments hits the yak.
The blast of rock fragments hits the yak!!
Makhleb accepts your kill.
You feel better.
You feel a bit more experienced.
The blast of rock fragments hits the polar bear!!
Makhleb accepts your kill.
You feel better.
You feel a bit more experienced.
You hear a howl!
You regained 14 hp, and now have 42/72 hp.
You now have 3/17 mp.
Okay, then.
You hit the yak but do no damage.
The yak is poisoned.
The yak closely misses you.
You hit the yak.
The yak looks as sick as possible!
The yak gores you but does no damage.
You barely miss the yak. The yak gores you!
You take 7 damage, and have 35/72 hp.
You hit the yak. The yak gores you.
You take 4 damage, and have 31/72 hp.
You hit the yak. You hit the yak.
The yak looks as sick as possible!
The yak gores you!
You take 6 damage, and have 25/72 hp.
You hit the yak but do no damage. The yak gores you!
* * * LOW HITPOINT WARNING * * *
You take 7 damage, and have 18/72 hp.
The blast of sand hits the yak!!
You kill the yak!
Makhleb accepts your kill.
You feel better.
b - 130 stones You regained 7 hp, and now have 25/72 hp.
You now have 3/17 mp.
The blast of sand hits the yak!!
You kill the yak!
Makhleb accepts your kill.
You feel better.
Your Transmutations skill increases to level 8!
b - 129 stones You regained 9 hp, and now have 34/72 hp.
You now have 2/17 mp.
Aim: a polar bear (heavily wounded)
The blast of sand hits the polar bear.
b - 128 stones The polar bear bites you!
The polar bear claws you. The polar bear barely misses you.
You take 9 damage, and have 25/72 hp.
You now have 1/17 mp.
Aim: a polar bear (heavily wounded)
The blast of sand hits the polar bear!
b - 127 stones The polar bear goes berserk!
You now have 0/17 mp.
Okay, then.
Aim: a polar bear The bolt of acid hits the polar bear!
The polar bear is splashed with acid!
The acid corrodes the polar bear!
You kill the polar bear!
Makhleb accepts your kill.
You feel better.
The bolt of acid hits the polar bear!
The polar bear is splashed with acid.
The bolt of acid hits the polar bear!
The polar bear is splashed with acid!
You regained 13 hp, and now have 38/72 hp.
Aim: a polar bear (moderately wounded)
The blast of sand hits the polar bear!
b - 126 stones The polar bear bites you.
The polar bear closely misses you. The polar bear misses you.
You take 2 damage, and have 36/72 hp.
You now have 0/17 mp.
Aim: a yak The bolt of acid hits the polar bear.
The polar bear is splashed with acid.
The acid corrodes the polar bear!
The bolt of acid hits the polar bear!
The polar bear is splashed with acid.
The acid corrodes the polar bear!
The bolt of acid hits the polar bear!
The polar bear is splashed with acid.
The acid corrodes the polar bear!
The polar bear goes berserk!
The polar bear bites you! The polar bear claws you.
The polar bear closely misses you.
You take 10 damage, and have 26/72 hp.
The bolt of acid misses the polar bear.
The bolt of acid hits the polar bear!
The polar bear is splashed with acid.
The bolt of acid misses the polar bear.
The bolt of acid hits the yak.
The yak is splashed with acid.
The polar bear goes berserk!
Aim: a yak (moderately wounded)
The bolt of acid hits the polar bear!
The polar bear is splashed with acid.
The bolt of acid hits the polar bear!
The polar bear is splashed with acid.
The acid corrodes the polar bear!
You kill the polar bear!
Makhleb accepts your kill.
You feel better.
The bolt of acid hits the polar bear!
The polar bear is splashed with acid.
The acid corrodes the polar bear!
The polar bear bites you!!
* * * LOW HITPOINT WARNING * * *
The polar bear claws you but does no damage.
The polar bear claws you.
* * * LOW HITPOINT WARNING * * *
The polar bear goes berserk!
The polar bear bites you!
You die... ##..###..#≈*,⌠ *, *, #..## ##.##* ,, *, #.## #..#≈ * , * #÷## #..## ≈ *, * ##.# *##..# ##.# ≈≈*##.# * Yh.

* #..# ≈
*#..#≈
#.h# *
#.## ≈
#..#*#.kh#
* #.##**
#@## h.h#
##.###
#h###.Y# *
≈ #.#.#
##.#.Y.#
*≈ *
#...##
*#h#..#* ≈
* ##.#.#
≈#Y..# ≈
#.##.##
##.## ≈
#.###.#
≈### ≈ ≈ *
##.#..# ≈*
* *
##.##.## *
≈ * *


You could see 2 polar bears and a yak.

Vanquished Creatures
  Erolcha (D:10)
  An ice dragon (D:11)
  A two-headed ogre (D:8)
  An ice statue (IceCv)
  2 gargoyles
  A rime drake (IceCv)
  2 trolls
  A queen bee (D:8)
  12 polar bears
  Sigmund (D:2)
  2 hippogriffs
  20 yaks
  A wyvern (D:8)
  An orc warrior (D:8)
  2 black bears (D:6)
  3 ice beasts
  3 sky beasts
  A phantom (D:5)
  3 ogres
  15 wolves
  8 centaurs
  A big kobold (D:8)
  6 bullfrogs
  A gnoll sergeant (D:5)
  11 killer bees (D:8)
  A jelly (D:3)
  A crimson imp (D:5)
  3 orc priests
  4 hounds
  Crazy Yiuf (D:5)
  4 bullfrog skeletons
  2 centaur skeletons
  2 iguanas (D:7)
  Jessica (D:2)
  Terence (D:2)
  6 worker ants
  A killer bee zombie (D:5)
  Robin (D:2)
  10 gnolls
  10 adders
  2 howler monkey skeletons
  2 river rats (Sewer)
  3 shadow imps
  2 adder zombies
  An ooze (D:4)
  An adder skeleton (D:8)
  3 worms (D:6)
  A dart slug (D:1)
  4 leopard geckos
  11 orcs
  6 bats
  7 giant cockroaches
  27 goblins
  6 hobgoblins
  10 jackals
  15 kobolds
  4 quokkas
  3 ball pythons (Sewer)
  9 frilled lizards
  A jackal zombie (D:7)
  12 rats
279 creatures vanquished.

Notes
Turn   | Place    | Note
-------+----------+-------------------------------------------
     0 | D:1      | Irenicus the Deep Dwarf Earth Elementalist began the quest
                  | for the Orb.
     0 | D:1      | Reached XP level 1. HP: 15/15 MP: 3/3
    59 | D:1      | Reached XP level 2. HP: 22/22 MP: 0/4
   144 | D:1      | Reached skill level 5 in Earth Magic
   296 | D:1      | Reached XP level 3. HP: 21/28 MP: 0/5
   467 | D:1      | Learned a level 2 spell: Passwall
   487 | D:2      | Noticed Jessica
   492 | D:2      | Killed Jessica
   492 | D:2      | Reached skill level 6 in Earth Magic
   531 | D:2      | Reached XP level 4. HP: 20/36 MP: 0/6
   613 | D:2      | Found a blossoming altar of Fedhas.
   615 | D:2      | Found a hide-covered altar of Uskayaw.
   616 | D:2      | Found a white marble altar of Elyvilon.
   741 | D:2      | Noticed Sigmund
   749 | D:2      | Killed Sigmund
   749 | D:2      | Reached skill level 8 in Earth Magic
   749 | D:2      | Reached XP level 5. HP: 26/42 MP: 0/7
   766 | D:2      | Found a sparkling altar of Nemelex Xobeh.
   800 | D:2      | Noticed Terence
   809 | D:2      | HP: 7/42 [Terence/+0 hand axe (4)]
   821 | D:2      | Killed Terence
   821 | D:2      | Reached XP level 6. HP: 24/49 MP: 0/8
   869 | D:2      | Noticed Robin
   869 | D:2      | Reached skill level 9 in Earth Magic
   891 | D:2      | Killed Robin
  1185 | D:3      | Irenicus: ?? rapier
  1185 | D:3      | beem: rapier[1/1]: (short blades; +4 acc / 8 dam / 1.2 base
                  | delay / 0.5 min delay). A slender, sharply pointed sword,
                  | with an uncommonly elegant design. Doesn't chop hydra
                  | heads.
  1185 | D:3      | Irenicus: ?? dagger
  1185 | D:3      | beem: dagger[1/1]: (short blades; +6 acc / 4 dam / 1.0 base
                  | delay / 0.5 min delay). A double-edged fighting knife with
                  | a sharp point. Notable for getting a larger stabbing bonus
                  | than any other weapon. Doesn't chop hydra heads.
  1236 | D:3      | Reached skill level 2 in Spellcasting
  1406 | D:4      | Learned a level 3 spell: Vampiric Draining
  1408 | D:4      | Learned a level 1 spell: Animate Skeleton
  1440 | D:4      | Reached skill level 10 in Earth Magic
  1471 | D:4      | Found a shadowy altar of Dithmenos.
  1515 | D:4      | Found a hazy altar of Hepliaklqana.
  1517 | D:4      | Reached XP level 7. HP: 17/55 MP: 6/9
  1757 | D:4      | Found a staircase to the Ecumenical Temple.
  1763 | Temple   | Entered the Ecumenical Temple
  1847 | Temple   | Became a worshipper of Makhleb the Destroyer
  1914 | D:4      | Reached skill level 1 in Necromancy
  2061 | D:5      | Entered Level 5 of the Dungeon
  2103 | D:5      | Reached skill level 2 in Necromancy
  2173 | D:5      | Reached skill level 3 in Necromancy
  2208 | D:5      | Reached skill level 4 in Necromancy
  2247 | D:5      | Reached skill level 5 in Necromancy
  2307 | D:5      | Got a distressingly furry helmet
  2318 | D:5      | Identified the +1 helmet "Keugg" {Slay+3} (You found it on
                  | level 5 of the Dungeon)
  2326 | D:5      | Reached XP level 8. HP: 29/62 MP: 2/10
  2428 | D:6      | Reached * piety under Makhleb
  2430 | D:6      | Found a runed translucent gate.
  2431 | D:6      | Found a runed translucent gate.
  2431 | D:6      | Noticed Terandir's ghost (novice CeHu)
  2432 | D:6      | Found a runed translucent gate.
  2434 | D:6      | Identified the +7 dagger of Tomorrow {chaos, rF++ rC++
                  | Stlth-}
  2506 | D:6      | Found a glowing drain.
  2514 | D:6      | Reached skill level 6 in Necromancy
  2519 | Sewer    | Entered a sewer
  2821 | D:6      | Reached skill level 3 in Spellcasting
  2872 | D:6      | Found a bloodstained altar of Trog.
  2994 | D:6      | Learned a level 5 spell: Lee's Rapid Deconstruction
  3096 | D:6      | Learned a level 1 spell: Pain
  3186 | D:5      | Reached skill level 4 in Spellcasting
  3190 | D:5      | Reached skill level 11 in Earth Magic
  3226 | D:5      | Found a glowing golden altar of the Shining One.
  3278 | D:5      | Found a runed translucent door.
  3279 | D:5      | Noticed Crazy Yiuf
  3285 | D:5      | Killed Crazy Yiuf
  3339 | D:5      | Reached ** piety under Makhleb
  3475 | D:7      | Found Bioraal's Antique Weapon Boutique.
  3558 | D:7      | Reached skill level 1 in Evocations
  3558 | D:7      | Noticed a hippogriff
  3562 | D:7      | Killed a hippogriff
  3562 | D:7      | Reached skill level 2 in Evocations
  3623 | D:7      | Gained mutation: You passively map the area around you.
                  | [Deep Dwarf growth]
  3623 | D:7      | Reached XP level 9. HP: 68/68 MP: 7/15
  3683 | D:7      | Reached skill level 3 in Evocations
  3727 | D:7      | Reached skill level 5 in Spellcasting
  3754 | D:7      | Found an ancient bone altar of Kikubaaqudgha.
  3755 | D:7      | Found a glowing golden altar of the Shining One.
  3787 | D:7      | Found a deep blue altar of Sif Muna.
  3972 | D:8      | Reached skill level 4 in Evocations
  3974 | D:8      | Found a shattered altar of Ashenzari.
  4053 | D:8      | Noticed a two-headed ogre
  4060 | D:8      | Killed a two-headed ogre
  4060 | D:8      | Reached skill level 6 in Spellcasting
  4060 | D:8      | Reached skill level 12 in Earth Magic
  4096 | D:8      | Learned a level 2 spell: Blink
  4128 | D:8      | Reached skill level 13 in Earth Magic
  4131 | D:8      | Reached skill level 1 in Translocations
  4164 | D:8      | Reached skill level 2 in Translocations
  4194 | D:8      | Reached skill level 3 in Translocations
  4207 | D:8      | Got a distressingly furry ring mail
  4209 | D:8      | Identified the cursed +0 ring mail of Negation {+Fly Regen+
                  | rCorr Stlth-} (You found it on level 8 of the Dungeon)
  4246 | D:8      | Noticed a queen bee
  4251 | D:8      | Reached XP level 10. HP: 42/75 MP: 8/18
  4258 | D:8      | HP: 28/112 [killer bee (5)]
  4268 | D:8      | HP: 25/112 [queen bee (4)]
  4274 | D:8      | HP: 11/75 [killer bee (6)]
  4280 | D:8      | HP: 16/112 [killer bee (6)]
  4281 | D:8      | Reached skill level 14 in Earth Magic
  4286 | D:8      | HP: 17/112 [killer bee (3)]
  4288 | D:8      | Reached *** piety under Makhleb
  4296 | D:8      | HP: 16/112 [killer bee (1)]
  4553 | D:9      | Found an iron altar of Okawaru.
  4655 | D:9      | Reached skill level 3 in Stealth
  4655 | D:9      | Reached skill level 1 in Transmutations
  4670 | D:9      | Reached skill level 2 in Transmutations
  4928 | D:10     | Entered Level 10 of the Dungeon
  4935 | D:10     | Found a staircase to the Lair.
  4943 | D:10     | Learned a level 1 spell: Apportation
  4954 | D:10     | Found a portal to a secret trove of treasure.
  4971 | D:10     | Reached skill level 4 in Stealth
  5017 | D:10     | Learned a level 4 spell: Petrify
  5028 | D:10     | Found a snail-covered altar of Cheibriados.
  5042 | D:10     | Got a twisted hunting sling
  5048 | D:10     | Identified the +3 hunting sling "Fykega" {speed, Fragile
                  | rElec Int+7 Stlth+} (You found it on level 10 of the
                  | Dungeon)
  5099 | D:10     | Noticed Erolcha
  5113 | D:10     | Killed Erolcha
  5113 | D:10     | Reached skill level 6 in Stealth
  5225 | D:10     | Reached skill level 1 in Short Blades
  5313 | D:10     | Reached skill level 3 in Transmutations
  5359 | D:10     | Noticed a gargoyle
  5362 | D:10     | Killed a gargoyle
  5362 | D:10     | Reached skill level 2 in Short Blades
  5411 | D:11     | Noticed a gargoyle
  5414 | D:11     | Killed a gargoyle
  5414 | D:11     | Reached skill level 4 in Transmutations
  5425 | D:11     | Found a frozen archway.
  5427 | D:11     | Noticed an ice dragon
  5449 | D:11     | Reached XP level 11. HP: 42/81 MP: 12/19
  5449 | D:11     | Reached skill level 5 in Transmutations
  5449 | D:11     | HP: 17/81 [yak/exploding inner flame[the player character]
                  | (25)]
  5449 | D:11     | Killed an ice dragon
  5449 | D:11     | Reached skill level 6 in Transmutations
  5485 | IceCv    | Entered an ice cave
  5564 | IceCv    | Gained mutation: You are frail. (-10% HP) [potion of
                  | mutation]
  5564 | IceCv    | Gained mutation: Scrolls take you a little longer to read.
                  | [potion of mutation]
  5564 | IceCv    | Gained mutation: You possess an exceptional clarity of
                  | mind. [potion of mutation]
  5570 | IceCv    | Reached **** piety under Makhleb
  5584 | IceCv    | Reached skill level 7 in Transmutations
  5669 | IceCv    | HP: 13/72 [yak (10)]
  5687 | IceCv    | Reached skill level 1 in Invocations
  5690 | IceCv    | Reached skill level 2 in Invocations
  5691 | IceCv    | HP: 15/72 [yak (6)]
  5707 | IceCv    | Reached skill level 3 in Invocations
  5716 | IceCv    | HP: 14/72 [yak (5)]
  5722 | IceCv    | Reached skill level 4 in Invocations
  5779 | IceCv    | Reached skill level 5 in Invocations
  5834 | IceCv    | Reached skill level 6 in Invocations
  5926 | IceCv    | Reached skill level 7 in Invocations
  5955 | IceCv    | Reached skill level 7 in Stealth
  6138 | IceCv    | Reached skill level 8 in Stealth
  6197 | IceCv    | HP: 18/72 [yak (7)]
  6199 | IceCv    | Reached skill level 8 in Transmutations
  6206 | IceCv    | HP: 12/72 [polar bear (22)]
  6206 | IceCv    | Slain by a polar bear

Skill      XL: |  1  2  3  4  5  6  7  8  9 10 11 |
---------------+----------------------------------+-----
Earth Magic    | 5 6 8 10 11 13 14 | 14.4
Spellcasting   | 2 4 6 |  6.0
Necromancy     | 5 6 |  6.3
Evocations     | 2 4 |  4.0
Translocations | 3 |  3.0
Stealth        | 6 8 |  8.2
Transmutations | 4 8 |  8.1
Short Blades   | 2 |  2.9
Invocations    | 7 |  7.2
Dodging        | |  2.2

Action                   |  1- 3 |  4- 6 |  7- 9 | 10-12 || total
-------------------------+-------+-------+-------+-------++-------
Melee: Dagger            |    44 |    74 |    83 |   158 ||   359
 Cast: Sandblast         |    35 |    59 |    90 |    98 ||   282
       Passwall          |     1 |     6 |    14 |    22 ||    43
       Vampiric Draining |       |       |    30 |    29 ||    59
       Pain              |       |       |    12 |    13 ||    25
       Lee's Rapid Decon |       |       |     2 |     9 ||    11
       Petrify           |       |       |       |     5 ||     5
       Apportation       |       |       |       |     2 ||     2
       Blink             |       |       |       |     3 ||     3
Invok: Minor Destruction |       |       |       |    14 ||    14
 Abil: Heal Wounds       |       |     2 |       |     5 ||     7
Evoke: Wand              |       |       |       |     4 ||     4
  Use: Potion            |     2 |     3 |     2 |    10 ||    17
       Scroll            |       |     1 |     4 |    12 ||    17
 Stab: Sleeping          |     1 |     5 |     4 |     7 ||    17
       Petrified         |       |       |       |    16 ||    16
       Petrifying        |       |       |       |     1 ||     1
  Eat: Chunk             |       |     4 |     5 |     8 ||    17
       Ration            |       |       |     2 |     1 ||     3
Armor: Robe              |    11 |    44 |     6 |       ||    61
       Leather armour    |       |       |    29 |    59 ||    88
       Skin              |       |       |       |    74 ||    74
Dodge: Dodged            |    47 |    93 |   100 |   159 ||   399

Levels and vault maps discovered:
D:1:      nzn_arrival_water_spiral, layout_basic
D:2:      layout_loops_cross, minitemple, nemelex_diamond_rough_becter,
          uniq_sigmund, uniq_robin, uniq_jessica, uniq_terence
D:3:      layout_basic
D:4:      layout_loops_corners, old_standard_altar,
          minmay_temple_entry_enclosed_plants, grunt_dithmenos_smoke
D:5:      layout_basic, first_ration, nicolae_tso_swordbearing_angel,
          uniq_crazy_yiuf_cottage
D:6:      layout_basic, cheibrodos_sewer_entry_bend,
          gammafunk_ghost_nasty_kobolds, supply_closet_lemuel,
          trog_ov_bears_minmay
D:7:      layout_basic, gammafunk_temple_overflow_statue, serial_shops, shop,
          basic_altar
D:8:      layout_cave_pools, ashenzari_conservatory_becter, david_nohive_1,
          kennysheep_another_room
D:9:      layout_stronghold, nicolae_overflow_crystal_walls
D:10:     layout_loops_cross, lair_entry_dummy, basic_altar, enter_trove_2,
          uniq_erolcha
D:11:     layout_basic, david_orc_2, portal_ice_cave_entry_animals_and_master,
          serial_shops, shop, grunt_qazlal_sundering
Temple:   dpeg_chambers_temple
Sewer:    sewer_co_cracked_pipes
IceCv:    ice_cave_caverns_01

Table legend:
 A = Turns spent in this place as a percentage of turns spent in the entire game.
 B = Non-inter-level travel turns spent in this place as a percentage of non-inter-level travel turns spent in the entire game.
 C = Inter-level travel turns spent in this place as a percentage of turns spent in this place.
 D = Turns resting spent in this place as a percentage of non-inter-level travel turns spent in this place.
 E = Turns spent auto-exploring this place as a percentage of non-inter-level travel turns spent in this place.
 F = Non-inter-level travel turns spent in this place divided by the number of levels of this place that you've seen.
                   A       B       C       D       E      F
               +-------+-------+-------+-------+-------+----------------------
         Total | 100.0 | 100.0 |   0.0 |   0.6 |   0.0 | 443.3
       Dungeon |  82.4 |  82.4 |   0.0 |   0.2 |   0.0 | 464.8
        Temple |   1.6 |   1.6 |   0.0 |   0.0 |   0.0 |  98.0
         Sewer |   4.4 |   4.4 |   0.0 |   0.0 |   0.0 | 274.0
      Ice Cave |  11.6 |  11.6 |   0.0 |   3.5 |   0.0 | 721.0
               +-------+-------+-------+-------+-------+----------------------

Table legend:
 A = Kills in this place as a percentage of kills in entire the game.
 B = Kills by you in this place as a percentage of kills by you in the entire game.
 C = Kills by friends in this place as a percentage of kills by friends in the entire game.
 D = Other kills in this place as a percentage of other kills in the entire game.
 E = Experience gained in this place as a percentage of experience gained in the entire game.
 F = Experience gained in this place divided by the number of levels of this place that you have seen.
                   A       B       C       D       E      F
               +-------+-------+-------+-------+-------+----------------------
         Total | 100.0 | 100.0 |   N/A |   N/A | 100.0 | 1538.0
       Dungeon |  79.2 |  79.2 |   N/A |   N/A |  59.9 | 1171.6
         Sewer |   5.7 |   5.7 |   N/A |   N/A |   0.2 |  52.0
      Ice Cave |  15.1 |  15.1 |   N/A |   N/A |  39.9 | 8592.0
               +-------+-------+-------+-------+-------+----------------------
